 Dungeon Crawl Stone Soup version 0.24.0-1-gfbc8707122 (webtiles) character file.

Game seed: 7801882812435880108, levelgen mode: deterministic

2009 Amplified the Cudgeler (level 9, 0/71 HPs)
             Began as a Human Warper on Oct 28, 2019.
             Was a Priest of Yredelemnul.
             Succumbed to a gnoll's poison
             ... on level 6 of the Dungeon.
             The game lasted 00:17:04 (8590 turns).

Amplified the Cudgeler (Human Warper)               Turns: 8590, Time: 00:17:04

Health: 0/71       AC: 13    Str: 14      XL:     9   Next: 46%
Magic:  12/12      EV: 10    Int: 15      God:    Yredelemnul [***...]
Gold:   264        SH:  0    Dex: 10 (12) Spells: 8/12 levels left

rFire    + . .     SeeInvis .   k - +2 whip (venom)
rCold    . . .     Gourm    .   (no shield)
rNeg     . . .     Faith    .   c - +2 scale mail {rF+}
rPois    .         Spirit   .   u - +0 helmet
rElec    .         Reflect  .   b - +0 cloak (curse)
rCorr    .         Harm     .   w - +0 pair of gloves
MR       .....                  e - +0 pair of boots
Stlth    ..........             (no amulet)
HPRegen  0.21/turn              (no ring)
MPRegen  0.13/turn              (no ring)

@: lethally poisoned (0 -> -14), hasted, very quick
A: no striking features
a: Recall Undead Slaves, Injury Mirror, Animate Dead, Renounce Religion


You were on level 6 of the Dungeon.
You worshipped Yredelemnul.
Yredelemnul was most pleased with you.
You were very hungry.

You visited 1 branch of the dungeon, and saw 6 of its levels.
You also visited: Sewer.

You collected 264 gold pieces.

Inventory:

Hand Weapons
 g - a +0 whip
 h - a +0 dagger of electrocution
 i - a +3 rapier of protection
 k - a +2 whip of venom (weapon)
 o - a +0 hunting sling
Missiles
 j - 4 atropa-tipped darts (quivered)
 l - 27 poisoned darts
 n - 52 arrows
 p - 192 stones
 s - 4 boomerangs
Armour
 b - a cursed +0 cloak (worn)
 c - a +2 scale mail of fire resistance (worn)
 e - a +0 pair of boots (worn)
 u - a +0 helmet (worn)
 w - a +0 pair of gloves (worn)
Magical Staves
 q - an uncursed staff of death
Wands
 r - a wand of flame (3)
Scrolls
 a - 2 scrolls of teleportation
 d - 3 scrolls of blinking
 m - 2 scrolls of fear
 x - a scroll of identify
 y - 3 scrolls of fog
Comestibles
 f - 9 rations


   Skills:
 * Level 6.8 Fighting
 * Level 6.8 Maces & Flails
 - Level 3.9(4.0) Slings
 - Level 1.0(2.6) Throwing
 * Level 4.2 Armour
 - Level 2.2 Dodging
 - Level 2.0 Spellcasting
 - Level 3.0 Translocations
 - Level 4.2 Invocations


You had 8 spell levels left.
You knew the following spells:

 Your Spells              Type           Power        Failure   Level  Hunger
a - Blink                 Tloc           N/A          36%         2    ###....
b - Shroud of Golubria    Chrm/Tloc      #.....       56%         2    ###....

Your spell library contained the following spells:

 Spells                   Type           Power        Failure   Level  Hunger
 Gell's Gravitas          Tloc           ##........   58%         3    ###....
 Lesser Beckoning         Tloc           ##........   58%         3    ###....
 Teleport Other           Tloc           ##......     58%         3    ###....
 Passage of Golubria      Tloc           N/A          94%         4    #####..


Dungeon Overview and Level Annotations

Branches:
Dungeon (6/15)              Sewer (visited)
 Temple: D:4-7

Altars:
Kikubaaqudgha
Sif Muna
Wu Jian
Yredelemnul


Message History

Evoke which item? (* to show all) (? for menu, Esc to quit)
Okay, then.
Okay, then.
Okay, then.
Unknown command.
Unknown command.
Unknown command.
You aren't carrying any potions.
There is a lethal amount of poison in your body!
* * * LOW HITPOINT WARNING * * *
You feel sick.
* * * LOW HITPOINT WARNING * * *
You feel sick.
* * * LOW HITPOINT WARNING * * *
You feel sick.
* * * LOW HITPOINT WARNING * * *
You feel sick.
Your dark mirror aura disappears.
You die...
Your body rises from the dead as a mindless zombie.

#.# ......#
#..#########......
#....%.#.......
... #...........
#.....###...
...####...###
.........##
..#####..##
##@.### ##...#
#..## ####


There were no monsters in sight!

Vanquished Creatures
  Prince Ribbit (D:5)
  A water moccasin (D:6)
  3 ice beasts
  A sky beast (D:5)
  A centaur (D:5)
  3 big kobolds (Sewer)
  A quasit (D:6)
  A centaur zombie (D:5)
  A gnoll shaman (D:6)
  A hound (D:6)
  8 orc wizards
  3 orc priests
  Crazy Yiuf (D:2)
  A jelly (D:6)
  Ijyb (D:4)
  Jessica (D:2)
  Natasha (twice) (D:4)
  Terence (D:2)
  4 worker ants
  A hound zombie (D:5)
  A hound skeleton (D:6)
  3 gnolls (D:6)
  6 adders
  5 river rats (Sewer)
  A shadow imp (D:6)
  2 oozes (Sewer)
  6 worms
  3 dart slugs
  10 leopard geckos
  30 orcs
  5 giant cockroaches
  11 goblins
  5 hobgoblins
  14 kobolds
  4 quokkas
  5 ball pythons
  8 bats
  4 frilled lizards (D:2)
  A jackal skeleton (D:5)
  8 rats
169 creatures vanquished.

Vanquished Creatures (others)
  A plant (D:3)
1 creature vanquished.

Grand Total: 170 creatures vanquished

Notes
Turn   | Place    | Note
-------+----------+-------------------------------------------
     0 | D:1      | Amplified the Human Warper began the quest for the Orb.
     0 | D:1      | Reached XP level 1. HP: 16/16 MP: 3/3
    88 | D:1      | Reached XP level 2. HP: 14/22 MP: 5/5
   767 | D:1      | Reached XP level 3. HP: 28/28 MP: 6/6
  1275 | D:2      | Noticed Terence
  1305 | D:2      | Killed Terence
  1305 | D:2      | Reached skill level 1 in Slings
  1305 | D:2      | Reached XP level 4. HP: 34/34 MP: 7/7
  1408 | D:2      | Found a basalt altar of Yredelemnul.
  1428 | D:2      | Became a worshipper of Yredelemnul the Dark
  1461 | D:2      | Noticed Jessica
  1471 | D:2      | Killed Jessica
  1471 | D:2      | Reached XP level 5. HP: 29/41 MP: 8/8
  1701 | D:2      | Found a runed translucent door.
  1702 | D:2      | Noticed Crazy Yiuf
  1814 | D:2      | Found an ornate altar of the Wu Jian Council.
  1815 | D:2      | Found an ancient bone altar of Kikubaaqudgha.
  1968 | D:2      | Killed Crazy Yiuf
  2032 | D:3      | Noticed an ice beast
  2199 | D:3      | Found a glowing drain.
  2359 | Sewer    | Entered a sewer
  2379 | Sewer    | Noticed a big kobold
  2404 | Sewer    | Killed a big kobold
  2404 | Sewer    | Reached skill level 1 in Invocations
  2404 | Sewer    | Reached XP level 6. HP: 47/48 MP: 9/9
  2434 | Sewer    | Learned a level 2 spell: Blink
  3011 | Sewer    | Reached XP level 7. HP: 53/54 MP: 10/10
  3058 | Sewer    | Reached * piety under Yredelemnul
  4462 | D:4      | Reached XP level 8. HP: 37/61 MP: 11/11
  4723 | D:4      | Noticed Natasha
  4734 | D:4      | Killed Natasha
  4764 | D:4      | Noticed Natasha
  4966 | D:4      | Noticed Ijyb
  5197 | D:3      | Reached skill level 5 in Fighting
  5305 | D:3      | Reached ** piety under Yredelemnul
  5305 | D:3      | Reached skill level 5 in Maces & Flails
  6055 | D:4      | Learned a level 2 spell: Shroud of Golubria
  6167 | D:4      | Killed Ijyb
  6278 | D:4      | Killed Natasha
  6301 | D:4      | Found a shimmering blue altar of Sif Muna.
  6472 | D:5      | Entered Level 5 of the Dungeon
  7152 | D:5      | Reached XP level 9. HP: 36/69 MP: 12/12
  7407 | D:5      | Noticed Prince Ribbit
  7411 | D:5      | Killed Prince Ribbit
  8065 | D:6      | Reached *** piety under Yredelemnul
  8586 | D:6      | HP: 3/71 [poisoned by a gnoll]
  8589 | D:6      | HP: 1/71 [poisoned by a gnoll]
  8590 | D:6      | Succumbed to a gnoll's poison

Levels and vault maps discovered:
D:1:      elethiomel_arrival_shortcut, layout_basic
D:2:      layout_rooms, lemuel_crystal_altar, gammafunk_temple_overflow_statue,
          grunt_ministairs_10, uniq_crazy_yiuf_cottage, uniq_terence,
          uniq_jessica
D:3:      layout_loops_cross, cheibrodos_sewer_entry_drain,
          serial_co_window_serial, co_window_corner_a, co_window_paths_a,
          co_window_of_opportunity_a, co_window_corner_a,
          co_window_of_opportunity_a, co_window_paths_c, co_window_corner_ca,
          co_window_unsneaky_path_a, co_window_of_opportunity_b,
          co_window_corner_b, co_window_cross_2, co_window_corner_b,
          co_window_sun, lexackson_kobold_supper
D:4:      layout_loops_ring, led_sif_book, first_ration, uniq_ijyb, uniq_natasha
D:5:      layout_loops_corners, uniq_prince_ribbit1
D:6:      layout_layer_cave

Skill      XL: |  1  2  3  4  5  6  7  8  9 |
---------------+----------------------------+-----
Slings         | 1 2 3 |  3.9
Maces & Flails | 3 4 6 |  6.8
Fighting       | 3 4 6 |  6.8
Invocations    | 1 2 3 4 |  4.2
Armour         | 2 4 |  4.2
Throwing       | |  1.0
Dodging        | |  2.2
Spellcasting   | |  2.0
Translocations | |  3.0

Action                   |  1- 3 |  4- 6 |  7- 9 || total
-------------------------+-------+-------+-------++-------
Melee: Whip              |    78 |       |       ||    78
       Mace              |     6 |       |       ||     6
       Spear             |    14 |   188 |   179 ||   381
       Dagger            |       |       |   279 ||   279
       Rapier            |       |       |   149 ||   149
 Fire: Hunting sling     |    36 |    27 |       ||    63
Throw: Boomerang         |       |     1 |     4 ||     5
Invok: Injury Mirror     |       |       |     2 ||     2
       Animate Remains   |       |       |     1 ||     1
Evoke: Wand              |       |       |    12 ||    12
  Use: Scroll            |     6 |     3 |     9 ||    18
       Potion            |     2 |     5 |     4 ||    11
  Eat: Chunk             |     1 |     1 |    13 ||    15
       Ration            |       |     2 |     1 ||     3
Armor: Leather armour    |     6 |       |       ||     6
       Scale mail        |    43 |    82 |   321 ||   446
       Ring mail         |     8 |       |       ||     8
       Skin              |       |       |    17 ||    17
Dodge: Dodged            |    52 |    65 |   314 ||   431
